 Dungeon Crawl Stone Soup version 0.22.0-6-g71bd7aa6b3 (webtiles) character file.

159 Minion the Skirmisher (level 5, -2/42 HPs)
             Began as a Formicid Fighter on Aug 16, 2018.
             Killed by divine providence
             ... invoked by an orc priest
              (8 damage)
             ... on level 3 of the Dungeon.
             The game lasted 00:03:43 (2066 turns).

Minion the Skirmisher (Formicid Fighter)            Turns: 2066, Time: 00:03:44

Health: -2/42      AC: 12    Str: 22    XL:     5   Next: 68%
Magic:  5/5        EV:  7    Int:  7    God:
Gold:   83         SH:  0    Dex: 10    Spells: 4/4 levels left

rFire    . . .     SeeInvis +   a - +0 long sword
rCold    . . .     Gourm    +   (no shield)
rNeg     . . .     Faith    .   p - +1 plate armour
rPois    .         Spirit   .   (helmet unavailable)
rElec    .         Reflect  .   (no cloak)
rCorr    .         Harm     .   (no gloves)
MR       .....                  (no boots)
Stlth    ..........             r - amulet of the gourmand
HPRegen  0.14/turn              (no ring)
MPRegen  0.09/turn              (no ring)

@: no status effects
A: permanent stasis, dig shafts and tunnels, four strong arms, antennae 3
a: Dig, Shaft Self


You were on level 3 of the Dungeon.
You were not hungry.

You visited 1 branch of the dungeon, and saw 3 of its levels.

You collected 83 gold pieces.

Inventory:

Hand Weapons
 a - a +0 long sword (weapon)
Armour
 p - a +1 plate armour (worn)
Jewellery
 r - an amulet of the gourmand (around neck)
Scrolls
 k - a scroll of fog
Potions
 b - a potion of resistance {unknown}
 d - a potion of might
 g - a potion of haste {unknown}
 h - a potion of brilliance {unknown}
 j - 2 potions of heal wounds {unknown}
 n - a potion of agility {unknown}
 o - 2 potions of ambrosia {unknown}
Comestibles
 f - 4 rations


   Skills:
 + Level 4.1 Fighting
 * Level 3.6 Long Blades
 + Level 4.1 Armour
 + Level 1.7 Dodging
   Level 3.6 Shields


You had 4 spell levels left.
You didn't know any spells.
Your spell library was empty.

Dungeon Overview and Level Annotations

Branches:
Dungeon (3/15)

Altars:


Innate Abilities, Weirdness & Mutations

You cannot be hasted, slowed, berserked, paralysed or teleported.
You can dig through walls and to a lower floor.
Your four strong arms can wield two-handed weapons with a shield.
You have a pair of large antennae on your head. (SInv)


Message History

The orc priest is almost dead.
The orc priest hits you but does no damage.
The orc priest mumbles some strange prayers to Beogh against you.
Beogh smites you!
You are too injured to fight recklessly!
You are too injured to fight recklessly!
You are too injured to fight recklessly!
You closely miss the orc priest.
The orc priest is almost dead.
The orc priest mumbles some strange prayers to Beogh against you.
Pain shoots through your body!
* * * LOW HITPOINT WARNING * * *
You hit the orc priest but do no damage.
The orc priest is almost dead.
The orc priest hits you but does no damage.
You hit the orc priest but do no damage.
The orc priest is almost dead.
The orc priest invokes the aid of Beogh against you.
Beogh smites you!
You die...

#.# #.# #.# #.#
#.# #o# #o# #@# #
#.# # #.# # #.# #
#.# #
#.################
#.................
##################


You could see an orc priest and an orc.

Vanquished Creatures
  A big kobold (D:3)
  3 adders
  An ooze (D:2)
  A worm (D:2)
  2 dart slugs
  2 leopard geckos
  2 orcs (D:3)
  4 giant cockroaches
  6 goblins
  7 hobgoblins
  2 jackals (D:3)
  9 kobolds
  2 quokkas (D:2)
  3 bats
  2 frilled lizards
  6 rats
53 creatures vanquished.

Notes
Turn   | Place    | Note
-------+----------+-------------------------------------------
     0 | D:1      | Minion the Formicid Fighter began the quest for the Orb.
     0 | D:1      | Reached XP level 1. HP: 18/18 MP: 1/1
   186 | D:1      | Reached XP level 2. HP: 24/24 MP: 2/2
   712 | D:2      | Reached XP level 3. HP: 18/29 MP: 3/3
   878 | D:2      | Reached skill level 1 in Dodging
  1073 | D:2      | Reached XP level 4. HP: 36/37 MP: 4/4
  1789 | D:3      | Noticed a big kobold
  1806 | D:3      | Killed a big kobold
  1806 | D:3      | Reached XP level 5. HP: 24/42 MP: 5/5
  2066 | D:3      | Killed from afar by an orc priest

Skill      XL: |  1  2  3  4 |
---------------+-------------+-----
Dodging        | 1 |  1.7
Long Blades    | 3 |  3.6
Fighting       | 4 |  4.1
Armour         | 4 |  4.1
Shields        | |  3.6

Action                   |  1- 3 |  4- 6 || total
-------------------------+-------+-------++-------
Melee: Long sword        |    58 |   112 ||   170
  Use: Scroll            |       |     5 ||     5
  Eat: Chunk             |     1 |     8 ||     9
Armor: Scale mail        |    35 |       ||    35
       Plate armour      |       |   114 ||   114
Dodge: Dodged            |    31 |    51 ||    82
       Rpst.: Long sword |     8 |    13 ||    21
